Map: Pillars of Gold LE

Players

Kaliostro

  • Race: Terran Terran
  • League: Diamond
  • Spawn Location: 1:00

Slaight - Winner!

  • Race: Protoss Protoss
  • League: Platinum
  • Spawn Location: 7:00

VOD

Have the link to the VOD?

Description

Time

  • Played on: Aug. 22, 2020, 3:08 p.m.
  • Length: 7:22
Show
View Real Time Build Order
Export as new Build Order

Kaliostro Terran 

Build Orders: 2 Factory, Mech 

Get SALT Encoding   

  12  0:00  SCV  
  13  0:13  SCV  
  14  0:19  Supply Depot  
  14  0:27  SCV  
  15  0:41  SCV  
  15  0:42  Barracks  
  16  0:47  Refinery  
  16  0:53  SCV  
  17  1:05  SCV  
  18  1:17  SCV  
  19  1:36  Orbital Command  
  19  1:38  Barracks Reactor  
  19  1:49  Command Center  
  19  1:59  Supply Depot  
  19  2:09  SCV  
  20  2:16  Marine x2  
  20  2:21  SCV  
  23  2:25  Factory  
  23  2:35  SCV  
  23  2:36  Marine  
  23  2:37  Marine  
  25  2:41  Refinery  
  26  2:51  Bunker  
  26  2:53  SCV  
  26  3:03  Orbital Command  
  26  3:05  SCV  
  27  3:16  Barracks Tech Lab  
  27  3:19  Factory  
  27  3:20  Hellion  
  27  3:21  Hellion  
  27  3:26  SCV  
  32  3:32  SCV  
  33  3:37  Engineering Bay  
  33  3:38  SCV  
  34  3:44  Widow Mine x2, SCV  
  39  3:52  SCV  
  40  3:56  SCV  
  40  4:02  Refinery  
  41  4:04  SCV  
  41  4:09  SCV  
  41  4:30  Widow Mine x2  
  43  4:41  Missile Turret  
  43  4:42  Missile Turret, SCV x2  
  43  4:44  Barracks Tech Lab  
  45  4:49  Missile Turret  
  45  4:52  Factory  
  45  4:54  SCV  
  46  5:15  Supply Depot  
  50  5:21  Siege Tank, SCV  
  50  5:25  SCV  
  50  5:27  Supply Depot  
  51  5:29  Supply Depot  
  51  5:33  SCV  
  52  5:37  SCV  
  52  5:42  Hellion x2  
  57  5:52  Factory  
  57  5:53  Infernal Pre-Igniter  
  57  5:54  Barracks Reactor  
  57  6:00  Supply Depot, Siege Tank  
  57  6:03  Supply Depot  
  60  6:05  Cyclone  
  60  6:10  Hellion x2, SCV  
  60  6:11  SCV  
  69  6:18  Refinery  
  69  6:23  SCV x2  
  71  6:30  Armory  
  71  6:35  SCV x2  
Show
View Real Time Build Order
Export as new Build Order

Slaight Protoss - Winner!

Build Orders: 1 Gate Expand 

Get SALT Encoding   

  12  0:02  Probe  
  13  0:14  Probe  
  13  0:19  Pylon  
  14  0:26  Probe (Chrono Boost)  
  15  0:38  Probe (Chrono Boost)  
  15  0:42  Gateway  
  16  0:47  Assimilator  
  16  0:49  Probe (Chrono Boost)  
  17  1:01  Probe  
  19  1:23  Probe  
  19  1:26  Nexus  
  19  1:35  Probe  
  20  1:43  Cybernetics Core  
  19  1:47  Probe  
  19  1:52  Assimilator  
  20  1:59  Probe  
  21  2:03  Pylon  
  21  2:11  Probe  
  22  2:18  Stalker (Chrono Boost)  
  24  2:23  Probe  
  25  2:36  Probe  
  26  2:38  Robotics Facility  
  26  2:39  Probe  
  26  2:41  Warp Gate  
  27  2:48  Probe  
  28  2:51  Probe  
  29  3:00  Probe  
  29  3:03  Probe  
  31  3:10  Twilight Council  
  31  3:12  Probe  
  32  3:15  Probe  
  33  3:24  Probe  
  33  3:25  Observer (Chrono Boost)  
  35  3:27  Probe  
  36  3:36  Probe  
  36  3:38  Warp Prism (Chrono Boost)  
  36  3:39  Probe  
  40  3:46  Charge  
  41  3:48  Probe  
  41  3:49  Stalker  
  41  3:53  Gateway  
  41  3:55  Probe  
  44  3:58  Pylon  
  40  4:38  Immortal (Chrono Boost)  
  44  4:46  Zealot  
  44  4:51  Gateway  
  44  4:52  Gateway  
  46  4:54  Gateway  
  46  4:58  Gateway  
  46  5:01  Gateway  
  46  5:02  Gateway  
  46  5:08  Immortal (Chrono Boost)  
  46  5:12  Pylon  
  50  5:30  Pylon  
  50  5:33  Pylon  
  50  5:55  Zealot x6  
  62  6:16  Assimilator  
  62  6:21  Zealot x5, Assimilator  
  62  6:22  Zealot x3  
  62  6:42  Zealot x5  
  60  7:04  Zealot x6  
Tags
 
Add a new tag
Caveats
  • Supply blocks, unpowered buildings, or Contaminate may cause inaccurate times.
  • Supply counts are checked every 10 seconds.